 Dungeon Crawl Stone Soup version 0.31-a0-187-gba352fbbf7 (webtiles) character file.

Game seed: 170007434761506365

145595 Gorgondantess the Brawler (level 18, -5/148 HPs)
             Began as a Human Transmuter on June 22, 2023.
             Was the Champion of Hepliaklqana.
             Slain by a spriggan defender simulacrum (15 damage)
             ... on level 2 of the Shoals on June 23, 2023.
             The game lasted 02:10:46 (35592 turns).

Gorgondantess the Brawler (Human Transmuter)       Turns: 35592, Time: 02:10:46

Health: -5/148     AC:  9    Str: 15    XL:     18   Next: 4%
Magic:  27/31      EV: 20    Int: 17    God:    Hepliaklqana [******]
Gold:   381        SH:  5    Dex: 14    Spells: 9/35 levels left

rFire   x .          .
                       - Unarmed
rCold   + + +        (shield currently unavailable)
rNeg    . . .        J - melded +3 leather armour of Salvation {Regen+ Str+3 Int+2}
rPois   +            T - melded +2 helmet
rElec   .            w - melded +0 cloak
rCorr   .            U - melded +0 pair of gloves
SInv    .            f - melded +1 pair of boots
Will    +....        q - amulet of reflection
Stlth   ++++         o - +5 ring of evasion
HPRegen 0.44/turn    P - +4 ring of slaying
MPRegen 0.22/turn

%: reflection
@: ice-form, wereblooded, spiked
A: freezing attack, amphibious, boosted hp, reduced essence, large
a: End Transformation, Renounce Religion, Recall Ancestor, Ancestor Identity,
Transference, Idealise


You were on level 2 of the Shoals.
You worshipped Hepliaklqana.
Hepliaklqana was exalted by your worship.
You were a creature of crystalline ice.
You visited 6 branches of the dungeon, and saw 27 of its levels.
You also visited: Volcano.

You collected 2878 gold pieces.
You spent 2497 gold pieces at shops.

Inventory:

Armour
 f - a +1 pair of boots (melded)
 w - a +0 cloak (melded)
 B - a +2 robe of the Archmagi
 J - the +3 leather armour of Salvation (melded) {Regen+ Str+3 Int+2}
   (You found it on level 1 of the Shoals)

   Str:       It affects your strength (+3).
   Int:       It affects your intelligence (+2).
   Regen:     It increases your rate of health regeneration.
 T - a +2 helmet (melded)
 U - a +0 pair of gloves (melded)
Magical Staves
 c - the staff "Nejuig" {rElec rF+ rN+ Int+3 Air}
   (You acquired it on level 1 of the Lair of Beasts)

   [staff of air]

   Base accuracy: +5 Base damage: 5 Base attack delay: 1.2 This weapon's minimum
   attack delay (0.6) is reached at skill level 12.
   Int:       It affects your intelligence (+3).
   rF:        It protects you from fire.
   rElec:     It insulates you from electricity.
   rN:        It protects you from negative energy.
   Air:       It increases the power of your Air spells.
   It falls into the 'Staves' category.
   It is a one-handed weapon.
Jewellery
 n - a ring of wizardry
 o - a +5 ring of evasion (left front paw)
 q - an amulet of reflection (around neck)
 v - a ring of see invisible
 D - the ring "Jocuu" {rC+ Str+6 Int+3 Dex+2}
   (You bought it in a shop on level 2 of the Orcish Mines)

   [ring of strength]

   Str:       It affects your strength (+6).
   Int:       It affects your intelligence (+3).
   Dex:       It affects your dexterity (+2).
   rC:        It protects you from cold.
 H - a ring of flight
 P - a +4 ring of slaying (right front paw)
 X - a ring of see invisible
Wands
 t - a wand of mindburst (28)
 z - a wand of digging (15)
 C - a wand of roots (19)
 E - a wand of charming (15)
 G - a wand of acid (17)
 I - a wand of flame (21)
Scrolls
 d - 2 scrolls of poison
 h - 3 scrolls of revelation
 j - 6 scrolls of fog
 m - 7 scrolls of fear
 p - 3 scrolls of vulnerability
 s - 3 scrolls of amnesia
 u - 3 scrolls of immolation
 x - 2 scrolls of enchant armour
 y - 3 scrolls of teleportation
 L - a scroll of silence
 M - a scroll of enchant weapon
 N - a scroll of identify
 Z - 2 scrolls of torment
Potions
 a - 2 potions of berserk rage
 b - 4 potions of lignification
 e - 12 potions of curing
 g - 3 potions of haste
 i - 3 potions of cancellation
 l - 5 potions of enlightenment
 r - 4 potions of brilliance
 A - a potion of ambrosia
 F - 3 potions of resistance
 Y - 2 potions of might
Miscellaneous
 Q - a tin of tremorstones (2/2)


   Skills:
 - Level 11.5 Fighting
 - Level 3.1 Armour
 - Level 11.6 Dodging
 + Level 7.3 Stealth
 - Level 16.3 Unarmed Combat
 * Level 9.3 Spellcasting
 * Level 15.1 Transmutations
 - Level 1.0 Ice Magic
 + Level 6.8 Air Magic
 - Level 7.0 Poison Magic
 - Level 3.0 Invocations


You had 9 spell levels left.
You knew the following spells:

 Your Spells              Type           Power      Damage    Failure   Level
a - Beastly Appendage     Tmut           100%       N/A       1%          1
b - Wereblood             Tmut           56%        N/A       1%          2
c - Spider Form           Tmut/Pois      45%        N/A       1%          3
d - Ice Form              Ice/Tmut       35%        N/A       3%          4
e - Passwall              Tmut/Erth      27%        N/A       1%          2
f - Alistair's Intoxicat  Tmut/Pois      30%        N/A       2%          5
g - Swiftness             Air            31%        N/A       1%          3
h - Eringya's Noxious Bo  Tmut/Pois      22%        N/A       16%         6

Your spell library contained the following spells:

 Spells                   Type           Power      Damage    Failure   Level
 Airstrike                Air            15%        2d(3-19)  5%          4
 Freeze                   Ice            44%        1d6       6%          1
 Vhi's Electric Charge    Tloc/Air       38%        N/A       7%          3
 Kiss of Death            Conj/Necr      28%        2d7       9%          1
 Sandblast                Erth           14%        2d6       9%          1
 Ensorcelled Hibernation  Hex/Ice        18%        N/A       11%         2
 Irradiate                Conj/Tmut      16%        3d17      12%         5
 Yara's Violent Unravell  Hex/Tmut       16%        3d8       12%         5
 Frozen Ramparts          Ice            22%        1d4       19%         3
 Ozocubu's Armour         Ice            11%        N/A       19%         3
 Hailstorm                Conj/Ice       9%         3d4       22%         3
 Confusing Touch          Hex            7%         N/A       26%         3
 Inner Flame              Hex/Fire       7%         N/A       26%         3
 Stone Arrow              Conj/Erth      14%        3d7       26%         3
 Volatile Blastmotes      Fire/Tloc      14%        2d11      26%         3
 Silence                  Hex/Air        9%         N/A       52%         5
 Storm Form               Tmut/Air       22%        N/A       63%         7
 Dispel Undead            Necr           7%         3d8       65%         4
 Fulminant Prism          Conj/Hex       3%         3d5       65%         4
 Iskenderun's Mystic Bla  Conj/Tloc      7%         2d4       65%         4
 Freezing Cloud           Conj/Ice/Air   8%         6-21      65%         5
 Metabolic Englaciation   Hex/Ice        4%         N/A       90%         5
 Fireball                 Conj/Fire      3%         3d4       94%         5
 Iskenderun's Battlesphe  Conj           7%         2d6       94%         5
 Lee's Rapid Deconstruct  Erth           3%         3d5*      94%         5
 Leda's Unmaking          Conj/Erth      3%         9d1       100%        6
 Simulacrum               Ice/Necr       4%         N/A       100%        6
 Enfeeble                 Hex            3%         N/A       100%        7
 Ozocubu's Refrigeration  Ice            5%         4d8       100%        7
 Spellforged Servitor     Conj/Summ      3%         N/A       100%        7
 Lehudib's Crystal Spear  Conj/Erth      3%         10d3      100%        8
 Maxwell's Capacitive Co  Air            15%        ∞         100%        8
 Necromutation            Tmut/Necr      16%        N/A       100%        8


Dungeon Overview and Level Annotations

Branches:
Dungeon (14/15)            Temple (1/1) D:6            Lair (5/5) D:11
 Shoals (2/4) Lair:2        Snake (3/4) Lair:3        Slime (0/5) Lair:5
    Orc (2/2) D:12            Elf (0/3) Orc:2        Vaults (0/5) D:13
Volcano (visited)

Altars:
Ashenzari
Cheibriados
Dithmenos
Elyvilon
Fedhas
Gozag
Hepliaklqana
Kikubaaqudgha
Makhleb
Nemelex Xobeh
Okawaru
Qazlal
Ru
Sif Muna
Trog
Uskayaw
Vehumet
Wu Jian
Xom
Yredelemnul
Zin
The Shining One
Lugonu

Shops:
D:5 (?:!   D:8 *   Orc:2 !=*(   Snake:2 ::=

Portals:
Abyss: Lair:5

Annotations:
D:9 exclusion: 2 doors
Lair:5 exclusions: hexer and 3 oklob plants


Message History

* * * LOW HITPOINT WARNING * * *
Your satyr shoots an arrow.
The arrow hits the spriggan defender simulacrum!!
Your faun shoots a sling bullet.
The sling bullet hits the lindwurm simulacrum!!
The lindwurm simulacrum bites you!
* * * LOW HITPOINT WARNING * * *
The lindwurm simulacrum freezes you. You resist.
* * * LOW HITPOINT WARNING * * *
The lindwurm simulacrum claws you.
* * * LOW HITPOINT WARNING * * *
The lindwurm simulacrum freezes you. You resist.
* * * LOW HITPOINT WARNING * * *
The lindwurm simulacrum misses you.
Your faun misses the spriggan defender simulacrum.
Your snapping turtle barely misses the spriggan defender simulacrum.
The spriggan defender simulacrum hits you!
* * * LOW HITPOINT WARNING * * *
The spriggan defender simulacrum freezes you!
You resist.
* * * LOW HITPOINT WARNING * * *
Okay, then.
You feel much better.
The spriggan defender simulacrum misses you.
Your satyr unwields a +0 longbow.
Your satyr wields a +0 spear.
Your satyr barely misses the spriggan defender simulacrum.
Your faun shoots a sling bullet.
The sling bullet hits the lindwurm simulacrum!
The lindwurm simulacrum vaporises!
The spriggan defender simulacrum barely misses you.
The deep troll simulacrum closely misses you. x2
The deep troll simulacrum claws you!
* * * LOW HITPOINT WARNING * * *
The deep troll simulacrum freezes you. You resist.
* * * LOW HITPOINT WARNING * * *
Your snapping turtle bites the spriggan defender simulacrum from afar.
Your faun hits the spriggan defender simulacrum with a +0 quarterstaff!
The spriggan defender simulacrum vaporises!
The spriggan defender simulacrum hits you!
You die...

~~~~~~~,,,,,,,,,,,,,,,,,~~~~~~~~~
~~~~≈≈≈~,..~~~~.........,~~~~~~~~
~~~~~≈≈≈~~≈~~~~.......H.,~~~~~~~~
~~~~~~≈≈~≈~~~~..........,,~~,,,~~
~....~~~~~.~~...........,,~,**,~~
.m.......~..............,,~~***~~
.....:...~~.............>,~~~~~~~
###......~~~..tZ........,,~~~~~~~
*'*#....~~~~..ZY°......,~~~~~~~~
*~~*#....~~~..○c.......,~~~~~~~~
*~~~#......Z~cc..).....~~~~~~~~~
*~~~##....<.~.........~~~~~~~~~~
##~~~~####..~~~.......~~~~~~~~~~~
8##~~~8#.~~~~~~~.....~~≈~~~~~~~~~
..##~~*#≈≈≈~~~~~~..~~~~≈~~~~~~~~~
...#~~8#≈≈≈≈≈≈~~~~~~~~≈≈~~~~~~~~~
...#,~*#≈≈≈≈≈≈≈≈≈≈≈≈≈≈≈≈~~~~~~~~~


You could see a manticore (fleeing, weak-willed, ally target), a spriggan
defender simulacrum (ally target), 2 deep troll simulacra, a friendly satyr
(summoned), a friendly snapping turtle (summoned) and 2 friendly fauns.

Vanquished Creatures
  Kirke (Snake:1)
  An ettin (Orc:2)
  Josephine (D:14)
  A merfolk impaler (Shoals:1)
  Erolcha (D:12)
  A salamander tyrant (Snake:2)
  4 vault guards (D:13)
  A rakshasa (D:10)
  A catoblepas (Lair:4)
  4 hydras
  2 centaur warriors
  8 anacondas
  A satyr (Shoals:2)
  4 naga warriors
  4 two-headed ogres
  5 death yaks
  An orc high priest (Orc:2)
  8 naga sharpshooters
  4 shock serpents
  4 thrashing horrors (Lair:5)
  3 skysharks
  5 skeletal warriors
  5 naga ritualists
  A spriggan simulacrum (Shoals:2)
  2 orc knights
  Pikel (D:5)
  A wizard (D:10)
  2 large abominations (Lair:5)
  4 orc sorcerers (Orc:2)
  12 mana vipers
  5 harpies (Shoals:2)
  4 deep elf pyromancers
  3 cyclopes
  4 fauns (Shoals:2)
  13 ugly things
  4 manticores
  A guardian serpent (shapeshifter) (Lair:5)
  An oklob plant (D:11)
  6 salamanders
  25 black mambas
  A water nymph (Shoals:1)
  11 elephants
  2 merfolk sirens (Shoals:1)
  A naga mage (Snake:2)
  A molten gargoyle (Volcano)
  5 gargoyles
  A smoke demon (Lair:5)
  An unseen horror (D:13)
  10 cane toads
  6 komodo dragons
  4 yaktaurs
  2 rime drakes
  An efreet (D:13)
  An anaconda simulacrum (Shoals:2)
  A tengu conjurer (D:13)
  4 merfolk
  8 trolls
  2 polar bears
  A hornet (D:9)
  Prince Ribbit (D:5)
  3 dream sheep (Lair:3)
  5 slime creatures
  14 blink frogs
  A snapping turtle (Lair:2)
  A spriggan (Lair:5)
  A vampire (D:9)
  A culicivora (shapeshifter) (D:14)
  A water elemental (Shoals:1)
  49 yaks
  4 fire bats (Volcano)
  A ynoxinul (Lair:5)
  3 hogs (Snake:1)
  4 basilisks
  3 wraiths (D:14)
  2 wyverns
  A minotaur simulacrum (Shoals:2)
  A steam dragon (D:7)
  2 chaos spawn (Lair:5)
  28 nagas
  Edmund (D:6)
  A vampire mosquito (D:9)
  6 wargs
  18 water moccasins
  5 acid dragons
  21 orc warriors
  2 black bears
  17 wolves
  9 ogres
  8 centaurs
  A lemure (D:5)
  4 kobold brigands
  Blork the orc (D:4)
  8 small abominations (Lair:5)
  6 bullfrogs
  6 scorpions
  A gnoll sergeant (D:12)
  17 wights
  20 killer bees
  8 electric eels
  2 crimson imps (D:7)
  5 howler monkeys
  5 hounds
  3 lava snakes (Volcano)
  2 jellies
  18 orc priests
  2 hexers
  3 iguanas
  26 orc wizards
  4 hell rats (Lair:1)
  5 gnolls
  7 adders
  A shadow imp (D:6)
  A white imp (D:6)
  An ufetubus (D:3)
  A worm (D:2)
  6 dart slugs
  61 orcs
  5 ball pythons
  7 bats
  10 endoplasms
  A giant cockroach (D:1)
  15 goblins
  7 hobgoblins
  2 jackals (D:1)
  4 quokkas
  2 frilled lizards
  19 kobolds
  4 rats
  A spectral goblin (D:3)
738 creatures vanquished.

Vanquished Creatures (collateral kills)
  Vashnia (Snake:2)
  A red draconian (Volcano)
  A vault guard (D:13)
  A catoblepas (Lair:4)
  An ogre mage (D:13)
  A hydra (Lair:2)
  2 centaur warriors
  3 two-headed ogres
  A naga warrior (Snake:2)
  A death yak (Lair:4)
  A naga sharpshooter (Snake:2)
  2 skysharks (Shoals:1)
  A sea snake (Shoals:1)
  A naga ritualist (Snake:1)
  A spriggan simulacrum (Shoals:2)
  A salamander (Snake:2)
  2 naga magi (Snake:3)
  The ghost of superbruh the Trooper, a novice GnWn (D:4)
  3 black mambas
  An elephant (Lair:4)
  A cane toad (Lair:5)
  A kobold demonologist (D:12)
  A freezing wraith (D:12)
  An ancient zyme (Lair:5)
  A polar bear (Lair:5)
  2 trolls
  A merfolk (Shoals:2)
  5 blink frogs
  4 dream sheep (Lair:3)
  Sigmund (D:5)
  A snapping turtle (Shoals:1)
  A spriggan (Lair:5)
  2 slime creatures (D:12)
  2 shadows
  5 yaks
  A ynoxinul (Lair:5)
  A water elemental (D:14)
  4 basilisks
  A fire bat (Volcano)
  4 nagas
  4 orc warriors
  A black bear (Lair:3)
  4 wolves
  2 centaurs
  2 lemures (D:5)
  4 bullfrogs
  2 wights
  A lindwurm simulacrum (Shoals:2)
  3 killer bees
  2 electric eels (D:7)
  A lava snake (Volcano)
  7 orc priests
  A jelly (D:6)
  Crazy Yiuf (D:5)
  9 orc wizards
  2 sleepcaps
  A hell rat (Lair:1)
  2 gnolls (D:4)
  A white imp (D:7)
  A worm (D:5)
  21 orcs
  An endoplasm (D:4)
  2 goblins (D:12)
  A kobold (D:7)
143 creatures vanquished.

Vanquished Creatures (others)
  A wizard (D:9)
  4 humans (Snake:2)
  19 hexers
24 creatures vanquished.

Grand Total: 905 creatures vanquished

Notes
Turn   | Place    | Note
-------+----------+-------------------------------------------
     0 | D:1      | Gorgondantess the Human Transmuter began the quest for the
                  | Orb.
     0 | D:1      | Reached XP level 1. HP: 15/15 MP: 3/3
   190 | D:1      | Reached XP level 2. HP: 10/21 MP: 3/5
   574 | D:1      | Learned a level 2 spell: Wereblood
   590 | D:1      | Reached skill level 4 in Unarmed Combat
   590 | D:1      | Reached XP level 3. HP: 26/26 MP: 4/6
   974 | D:2      | Reached skill level 1 in Armour
  1127 | D:2      | Reached XP level 4. HP: 23/32 MP: 7/7
  1314 | D:2      | Learned a level 3 spell: Spider Form
  1493 | D:2      | Reached XP level 5. HP: 29/37 MP: 8/8
  2000 | D:3      | Found an ancient bone altar of Kikubaaqudgha.
  2002 | D:3      | Found a hazy altar of Hepliaklqana.
  2035 | D:3      | Became a worshipper of Hepliaklqana the Forgotten
  2270 | D:3      | Found a faded altar of an unknown god.
  2567 | D:3      | Found a sparkling altar of Nemelex Xobeh.
  2567 | D:3      | Found a white marble altar of Elyvilon.
  2668 | D:3      | Noticed a black bear
  2692 | D:3      | Killed a black bear
  2693 | D:3      | Reached skill level 1 in Stealth
  2693 | D:3      | Reached XP level 6. HP: 40/43 MP: 5/9
  2732 | D:3      | Reached skill level 5 in Unarmed Combat
  3285 | D:4      | Reached XP level 7. HP: 49/49 MP: 4/10
  3464 | D:4      | Reached * piety under Hepliaklqana
  3583 | D:4      | Noticed Blork the orc
  3595 | D:4      | Killed Blork the orc
  3601 | D:4      | Identified the +4 hand axe of the Witching Ass {venom,
                  | rPois rF+ Str-3}
  3819 | D:4      | Found a runed translucent gate.
  3819 | D:4      | Noticed superbruh's ghost (novice GnWn)
  3820 | D:4      | Found a runed translucent gate.
  3820 | D:4      | Identified the +2 chain mail of the Moon {rPois}
  3821 | D:4      | Found a runed translucent gate.
  3821 | D:4      | Identified the +2 mace "Rauc Xac" {spect, Drain Will+
                  | Stlth+}
  4127 | D:5      | Entered Level 5 of the Dungeon
  4184 | D:5      | Noticed Sigmund
  4194 | D:5      | Killed Sigmund
  4195 | D:5      | Reached skill level 6 in Unarmed Combat
  4195 | D:5      | Reached XP level 8. HP: 40/51 MP: 8/11
  4241 | D:5      | Found Rall's Magic Scroll Emporium.
  4243 | D:5      | Found Zeitwu's Book Emporium.
  4247 | D:5      | Bought a scroll of identify for 22 gold pieces
  4247 | D:5      | Bought a scroll of teleportation for 33 gold pieces
  4248 | D:5      | Found Lenkeil's Weapon Emporium.
  4248 | D:5      | Found Henichot's Distillery.
  4279 | D:5      | Bought a potion of heal wounds for 55 gold pieces
  4279 | D:5      | Bought a potion of degeneration for 11 gold pieces
  4287 | D:5      | Noticed Pikel
  4307 | D:5      | Killed Pikel
  4337 | D:5      | Learned a level 4 spell: Ice Form
  4424 | D:5      | Reached XP level 9. HP: 58/58 MP: 5/12
  4432 | D:5      | Learned a level 2 spell: Passwall
  4517 | D:5      | Reached skill level 7 in Unarmed Combat
  4625 | D:5      | Reached skill level 1 in Ice Magic
  4817 | D:5      | Found a runed translucent door.
  4818 | D:5      | Noticed Crazy Yiuf
  4828 | D:5      | Killed Crazy Yiuf
  5137 | D:5      | Reached ** piety under Hepliaklqana
  5138 | D:5      | Remembered your ancestor Julia as a hexer
  5218 | D:6      | Noticed Prince Ribbit
  5253 | D:5      | Killed Prince Ribbit
  5512 | D:6      | Found a stormy altar of Qazlal.
  5608 | D:6      | Noticed Edmund
  5616 | D:6      | Killed Edmund
  5617 | D:6      | Reached skill level 5 in Transmutations
  5787 | D:6      | Reached skill level 8 in Unarmed Combat
  5798 | D:6      | Found a staircase to the Ecumenical Temple.
  6174 | D:6      | Found an iron altar of Okawaru.
  6266 | Temple   | Entered the Ecumenical Temple
  6405 | D:7      | Reached skill level 5 in Dodging
  6483 | D:7      | Reached XP level 10. HP: 64/65 MP: 14/14
  6538 | D:7      | Reached skill level 5 in Stealth
  6712 | D:7      | Reached skill level 5 in Fighting
  6885 | D:7      | Noticed a two-headed ogre
  6894 | D:7      | Killed a two-headed ogre
  6895 | D:7      | Reached skill level 9 in Unarmed Combat
  7855 | D:7      | Found a shimmering altar of Xom.
  7855 | D:7      | Found a burning altar of Makhleb.
  8516 | D:8      | Found a blossoming altar of Fedhas.
  8548 | D:8      | Reached *** piety under Hepliaklqana
  8878 | D:8      | Found Depyef's Changing Room.
  8878 | D:8      | Found a broken altar of Ashenzari.
  8930 | D:8      | Noticed a two-headed ogre
  8938 | D:8      | Killed a two-headed ogre
  8939 | D:8      | Reached XP level 11. HP: 72/72 MP: 15/15
  9000 | D:8      | Got Kafut's Notes on the Mercurial Sphinx
  9057 | D:8      | Reached skill level 10 in Unarmed Combat
  9307 | D:8      | Found a glowing silver altar of Zin.
  9449 | D:9      | Found a bloodstained altar of Trog.
 10066 | D:9      | Reached **** piety under Hepliaklqana
 10189 | D:9      | Noticed a deep elf pyromancer
 10189 | D:9      | Noticed a deep elf pyromancer
 10221 | D:9      | Killed a deep elf pyromancer
 10251 | D:9      | Killed a deep elf pyromancer
 10368 | D:9      | Reached skill level 11 in Unarmed Combat
 10473 | D:9      | Noticed a two-headed ogre
 10473 | D:9      | Noticed a centaur warrior
 10751 | D:5      | Bought a potion of mutation for 88 gold pieces
 10751 | D:5      | Bought a potion of attraction for 33 gold pieces
 10755 | D:5      | Bought a scroll of poison for 44 gold pieces
 10755 | D:5      | Bought a scroll of amnesia for 44 gold pieces
 10755 | D:5      | Bought a scroll of immolation for 44 gold pieces
 10755 | D:5      | Bought a scroll of fear for 44 gold pieces
 10815 | D:4      | Killed superbruh's ghost
 11092 | D:9      | Noticed a white ugly thing
 11138 | D:9      | Killed a centaur warrior
 11320 | D:9      | Killed a two-headed ogre
 11321 | D:9      | Reached XP level 12. HP: 81/81 MP: 11/16
 11583 | D:10     | Entered Level 10 of the Dungeon
 12010 | D:10     | Noticed a two-headed ogre
 12018 | D:10     | Killed a two-headed ogre
 12019 | D:10     | Reached skill level 12 in Unarmed Combat
 12136 | D:10     | Noticed a rakshasa
 12146 | D:10     | Killed a rakshasa
 12273 | D:10     | Noticed a two-headed ogre
 12803 | D:10     | Killed a two-headed ogre
 13637 | D:11     | Found a staircase to the Lair.
 13674 | Lair:1   | Entered Level 1 of the Lair of Beasts
 13679 | Lair:1   | Identified a scroll of acquirement
 13680 | Lair:1   | Acquired the staff "Nejuig" {rElec rF+ rN+ Int+3 Air}
 13688 | Lair:1   | Learned a level 5 spell: Alistair's Intoxication
 13742 | Lair:1   | Reached XP level 13. HP: 89/89 MP: 19/19
 13753 | Lair:1   | Reached skill level 1 in Poison Magic
 13945 | Lair:1   | Reached ***** piety under Hepliaklqana
 14043 | Lair:1   | Reached skill level 13 in Unarmed Combat
 14978 | Lair:2   | Noticed a four-headed hydra
 14988 | Lair:2   | Killed a four-headed hydra
 15181 | Lair:2   | Found a staircase to the Shoals.
 16740 | Lair:3   | Found a staircase to the Snake Pit.
 16864 | Lair:4   | Noticed a seven-headed hydra
 16919 | Lair:4   | Noticed a catoblepas
 16919 | Lair:4   | Noticed a catoblepas
 17186 | D:11     | Reached skill level 10 in Transmutations
 17194 | D:11     | Reached skill level 14 in Unarmed Combat
 17194 | D:11     | Reached XP level 14. HP: 96/97 MP: 17/20
 17728 | D:11     | Reached ****** piety under Hepliaklqana
 18065 | D:12     | Found a staircase to the Orcish Mines.
 18264 | D:12     | Noticed Erolcha
 18271 | D:12     | Reached skill level 5 in Spellcasting
 18363 | Orc:1    | Entered Level 1 of the Orcish Mines
 18475 | Orc:1    | Found a dark tunnel.
 18493 | Volcano  | Entered a volcano
 18656 | Volcano  | Noticed a red draconian
 18682 | Volcano  | Killed a red draconian
 18688 | Volcano  | Found a radiant altar of Vehumet.
 18695 | Volcano  | Reached skill level 10 in Dodging
 18919 | Orc:1    | Found a burning altar of Makhleb.
 19174 | Orc:2    | Entered Level 2 of the Orcish Mines
 19377 | Orc:2    | Reached skill level 10 in Fighting
 19759 | Orc:2    | Reached skill level 5 in Poison Magic
 19801 | Orc:2    | Learned a level 3 spell: Swiftness
 20057 | Orc:2    | Found Jaworgh's Distillery.
 20057 | Orc:2    | Found Duilevur's Antique Weapon Shoppe.
 20057 | Orc:2    | Found Owusk's General Store.
 20114 | Orc:2    | Found Gyfoogh's Jewellery Emporium.
 20121 | Orc:2    | Bought a potion of heal wounds for 55 gold pieces
 20121 | Orc:2    | Bought a potion of cancellation for 88 gold pieces
 20121 | Orc:2    | Bought a potion of might for 44 gold pieces
 20121 | Orc:2    | Bought a potion of might for 44 gold pieces
 20124 | Orc:2    | Bought the ring "Jocuu" {rC+ Str+6 Int+3 Dex+2} for 786
                  | gold pieces
 20294 | Orc:2    | Reached skill level 1 in Air Magic
 20294 | Orc:2    | Reached skill level 1 in Invocations
 20440 | Orc:2    | Found a staircase to the Elven Halls.
 21605 | Lair:4   | Reached XP level 15. HP: 104/104 MP: 16/23
 21923 | Lair:4   | Reached skill level 15 in Unarmed Combat
 22697 | Lair:5   | Entered Level 5 of the Lair of Beasts
 23527 | Lair:5   | Found a staircase to the Slime Pits.
 23748 | Lair:5   | Got the Parchment of Bombardment
 24010 | Lair:5   | Found a corrupted altar of Lugonu.
 24010 | Lair:5   | Found a one-way gate to the infinite horrors of the Abyss.
 24624 | D:12     | Killed Erolcha
 25681 | D:13     | Reached XP level 16. HP: 112/112 MP: 20/25
 26083 | D:13     | Paralysed by an ogre mage for 5 turns
 26258 | D:13     | Reached skill level 16 in Unarmed Combat
 26390 | D:13     | Found a gate to the Vaults.
 27267 | D:14     | Noticed Josephine
 27278 | D:14     | Killed Josephine
 28394 | D:8      | Bought the Verses on the Xenotype for 672 gold pieces
 28402 | D:8      | Learned a level 6 spell: Eringya's Noxious Bog
 28487 | D:5      | Bought Hideagas's Precepts of Fumes for 390 gold pieces
 28702 | Snake:1  | Entered Level 1 of the Snake Pit
 29455 | Snake:1  | Reached skill level 5 in Air Magic
 29706 | Snake:1  | Reached XP level 17. HP: 112/117 MP: 24/27
 29999 | Snake:1  | You fall into a shaft and drop 1 floor!
 30616 | Snake:1  | Found an ornate altar of the Wu Jian Council.
 30820 | Snake:2  | Noticed Vashnia
 30865 | Snake:2  | Noticed Kirke
 30879 | Snake:1  | Killed Kirke
 31145 | Snake:2  | Found Oskyfuvo's Jewellery Shoppe.
 31145 | Snake:2  | Found Cuzerog's Book Boutique.
 31146 | Snake:2  | Found Orroduhu's Book Boutique.
 32200 | Snake:2  | Killed Vashnia
 33806 | Shoals:1 | Entered Level 1 of the Shoals
 33878 | Shoals:1 | Identified the +3 leather armour of Salvation {Regen+ Str+3
                  | Int+2}
 34936 | Shoals:2 | Reached skill level 15 in Transmutations
 34995 | Shoals:2 | Reached XP level 18. HP: 50/124 MP: 27/31
 35353 | Shoals:2 | Found a frozen archway.
 35591 | Shoals:2 | HP: 1/148 [spriggan defender simulacrum (8)]
 35592 | Shoals:2 | Slain by a spriggan defender simulacrum

Illustrated notes

Levels and vault maps discovered:
D:1:      lightli_arrival_farm, layout_loops_ring
D:2:      layout_basic
D:3:      minmay_chambers_of_threes, layout_rooms,
          gammafunk_temple_overflow_statue, grunt_temple_overflow_open,
          dreamdust_ecumenical_altar_drowned_temple
D:4:      layout_loops_ring, biasface_ghost_orc_armoury, minivault_27,
          uniq_blork_the_orc
D:5:      layout_cave_pools, minmay_shop_grid_forest, grunt_decor_arrowhead,
          nicolae_letterblocks [nicolae_letter_subblock,
          nicolae_letter_subblock, nicolae_letter_subblock,
          nicolae_letter_subblock, nicolae_letter_subblock,
          nicolae_letter_subblock, nicolae_letter_subblock,
          nicolae_letter_subblock, nicolae_letter_subblock,
          nicolae_letter_subblock, nicolae_letter_subblock,
          nicolae_letter_subblock, nicolae_letter_subblock,
          nicolae_letter_subblock, nicolae_letter_subblock,
          nicolae_letter_subblock, nicolae_letter_subblock,
          nicolae_letter_subblock, nicolae_letter_subblock,
          nicolae_letter_subblock, nicolae_letter_subblock,
          nicolae_letter_subblock, nicolae_letter_subblock,
          nicolae_letter_subblock, nicolae_letter_subblock],
          uniq_crazy_yiuf_cottage, uniq_pikel, uniq_sigmund
D:6:      layout_loops_ring, mainiacjoe_overflow_24_doors,
          kennysheep_okawaru_gauntlet, temple_fountains, uniq_prince_ribbit1,
          uniq_edmund
D:7:      layout_basic, grunt_temple_overflow_champion_of_chaos, serial_bayou,
          serial_bayou_crossing, serial_bayou_shore_b, serial_bayou_lake_a,
          serial_bayou_shore_b, serial_bayou_pond_c, serial_bayou_lagoon_b,
          minmay_fire_ice_demons
D:8:      layout_rooms, zin_treasury, lemuel_round_altar,
          overflow_temple_1_default, nicolae_water_bricks,
          eino_small_chamber_without_monster, nicolae_transmutations_shop
D:9:      minmay_the_grid_plus_closed [minmay_the_grid_mess,
          minmay_the_grid_medium_cups, minmay_the_grid_outer_diamond,
          minmay_the_grid_stretched_grid, minmay_the_grid_prize_four_corners],
          layout_gridville, trog_wizard
D:10:     minmay_opposing_rooms, layout_loops_cross,
          minmay_fractal_squares_diagonal_5
D:11:     layout_basic, dpeg_oklobed_lair, serial_park_tiny_1
D:12:     layout_small_grid, erik_orc_3, feat_on_display, uniq_erolcha
D:13:     layout_loops_ring, grunt_vaults_entry_fortified
D:14:     argonaut_augean_stables, layout_small_grid, serial_shops, shop,
          minmay_misc_feat_pillars, nrook_loot_triangle, uniq_snorg,
          uniq_josephine
Temple:   compressed_dpeg_circular_temple
Lair:1:   layout_regular_city, serial_bayou_pond_d,
          nicolae_quartered_pool_super, infiniplex_staircase_pool_2
Lair:2:   layout_roguey, minmay_shoals_entry_hut, minivault_11,
          serial_bayou_shore_a, serial_bayou_shore_b
Lair:3:   layout_long_grid, nicolae_snake_entry_squirm, grunt_megastairs_4
Lair:4:   layout_layer_cave, grunt_megastairs_2
Lair:5:   hellmonk_lair_end_abyssal_woods, layout_long_grid,
          minmay_slime_entry_oklob_open
Shoals:1: layout_shoals
Shoals:2: cheibrodos_shoals_oceanic_diplomacy, layout_shoals,
          portal_ice_cave_entry_ice_simulacra, uniq_polyphemus
Snake:1:  layout_misc_corridors, basic_altar
Snake:2:  layout_misc_corridors, minmay_shop_grove, serial_bayou_shore_b,
          uniq_vashnia, uniq_kirke
Snake:3:  layout_onion, serial_shops, nicolae_shop_real_fake_doors, uniq_agnes
Orc:1:    layout_diamond_mine, nicolae_volcano_entry_lava_flow, bloody_makhleb
Orc:2:    st_orc_mages, layout_caves, basic_altar

Skill      XL: |  1  2  3  4  5  6  7  8  9 10 11 12 13 14 15 16 17 |
---------------+----------------------------------------------------+-----
Unarmed Combat | 4 5 6 8 9 11 12 14 15 16 | 16.3
Armour         | 1 2 3 |  3.1
Stealth        | 1 2 3 4 5 7 |  7.3
Transmutations | 3 4 5 6 7 8 10 11 12 13 15 | 15.1
Fighting       | 2 3 4 6 7 8 9 10 11 | 11.5
Dodging        | 3 4 5 6 7 8 9 10 11 | 11.6
Ice Magic      | 1 |  1.0
Spellcasting   | 3 4 5 6 7 9 |  9.3
Poison Magic   | 3 5 6 7 |  7.0
Air Magic      | 1 4 5 6 |  6.8
Invocations    | 2 3 |  3.0

Action                     |  1- 3 |  4- 6 |  7- 9 | 10-12 | 13-15 | 16-18 || total
---------------------------+-------+-------+-------+-------+-------+-------++-------
  Melee: Unarmed           |   120 |   191 |   155 |   333 |   697 |   560 ||  2056
         Kick              |     8 |     7 |       |       |       |       ||    15
         Headbutt          |     3 |     7 |       |       |       |       ||    10
         Punch             |     3 |     4 |       |     1 |     6 |       ||    14
   Cast: Beastly Appendage |     6 |     4 |     2 |       |     1 |       ||    13
         Spider Form       |       |    12 |    27 |     5 |     5 |       ||    49
         Wereblood         |       |     4 |     2 |     3 |    12 |    15 ||    36
         Ice Form          |       |       |     7 |    43 |    90 |    60 ||   200
         Passwall          |       |       |       |     3 |       |       ||     3
         Alistair's Intoxi |       |       |       |       |    11 |       ||    11
         Eringya's Noxious |       |       |       |       |       |     4 ||     4
 Invoke: Ancestor Identity |       |       |     1 |       |       |       ||     1
         Recall Ancestor   |       |       |     1 |     5 |     9 |     9 ||    24
         Ancestor Life: He |       |       |     1 |       |       |       ||     1
Ability: End Transformatio |       |     1 |     3 |     5 |     2 |     6 ||    17
  Evoke: Wand              |       |       |       |    11 |     3 |     1 ||    15
    Use: Scroll            |       |       |     6 |     7 |     6 |     9 ||    28
         Potion            |       |       |       |     1 |     3 |     7 ||    11
   Stab: Sleeping          |     1 |       |     4 |     2 |     5 |     2 ||    14
         Confused          |       |       |     3 |     8 |    27 |     4 ||    42
         Distracted        |       |       |     1 |     9 |     8 |     3 ||    21
         Paralysed         |       |       |       |       |    19 |    23 ||    42
 Armour: Robe              |     8 |       |       |       |     5 |     5 ||    18
         Leather armour    |    22 |    43 |     2 |       |       |       ||    67
         Skin              |       |     4 |    15 |    51 |   106 |    68 ||   244
  Dodge: Dodged            |    52 |   121 |    81 |   142 |   363 |   400 ||  1159
  Block: Other             |       |    32 |    22 |    42 |    98 |   106 ||   300
         Reflection        |       |     1 |       |     4 |     8 |    10 ||    23

Table legend: (Time is in decaauts)
 A = Elapsed time spent in this place.
 B = Non-inter-level travel time spent in this place.
 C = Inter-level travel time spent in this place.
 D = Time resting spent in this place.
 E = Time spent auto-exploring this place.
 F = Levels seen in this place.
 G = Mean time per level.
                   A        B        C        D        E       F      G
               +--------+--------+--------+--------+--------+-----+--------+
         Total |  35334 |  32212 |   3122 |   6676 |  17670 |  28 | 1261.9 |
       Dungeon |  19295 |  17446 |   1849 |   2775 |  10401 |  14 | 1378.2 |
        Temple |     87 |     78 |      9 |      0 |     68 |   1 |   87.0 |
          Lair |   7098 |   6309 |    789 |    503 |   4455 |   5 | 1419.6 |
        Shoals |   1440 |   1357 |     83 |    464 |    546 |   2 |  720.0 |
     Snake Pit |   4951 |   4750 |    201 |   2451 |   1211 |   3 | 1650.3 |
  Orcish Mines |   2060 |   1872 |    188 |    299 |    987 |   2 | 1030.0 |
       Volcano |    398 |    398 |      0 |    184 |      0 |   1 |  398.0 |
               +--------+--------+--------+--------+--------+-----+--------+

Top non-repeatable levels by time:
 Snake:2: 2265 daAuts
 Snake:1: 2214 daAuts
     D:9: 2172 daAuts
     D:7: 2128 daAuts
    D:10: 1993 daAuts
    D:13: 1906 daAuts
  Lair:4: 1807 daAuts
  Lair:5: 1428 daAuts
  Lair:3: 1315 daAuts
  Lair:1: 1314 daAuts
     D:5: 1313 daAuts
   Orc:2: 1303 daAuts
     D:4: 1298 daAuts
Shoals:1: 1293 daAuts
    D:14: 1270 daAuts
